 Dungeon Crawl Stone Soup version 0.30-a0-920-g7493c07aab (webtiles) character file.

Game seed: 246208520708549250

1393 timneilson the Covered (level 8, -3/48 HPs)
             Began as a Gargoyle Fighter on Mar 21, 2023.
             Was a Follower of Okawaru.
             Slain by Joseph
             ... wielding a +0 quarterstaff
              (7 damage)
             ... on level 7 of the Dungeon on Mar 22, 2023.
             The game lasted 00:13:34 (6103 turns).

timneilson the Covered (Gargoyle Fighter)           Turns: 6103, Time: 00:13:34

Health: -3/48      AC: 19    Str: 20    XL:     8   Next: 68%
Magic:  9/9        EV:  8    Int:  9    God:    Okawaru [*.....]
Gold:   318        SH:  6    Dex: 11    Spells: 7/7 levels left

rFire   . . .      SeeInvis .    a - +1 long sword
rCold   . . .      Faith    .    c - +1 buckler
rNeg    + . .      Spirit   .    i - +0 chain mail
rPois   ∞          Reflect  .    (no helmet)
rElec   +          Rampage  .    (no cloak)
rCorr   .                        (no gloves)
Will    +....                    (no boots) Stlth
                                 (no amulet)
HPRegen 0.28/turn                g - +4 ring of protection
MPRegen 0.11/turn                p - ring of willpower

@: no status effects
A: sickness immunity, AC +5, negative energy resistance 1, electricity
resistance, torment resistance 1, petrification resistance
a: Renounce Religion, Heroism


You were on level 7 of the Dungeon.
You worshipped Okawaru.
Okawaru was aware of your devotion.
You visited 2 branches of the dungeon, and saw 8 of its levels.
You also visited: Sewer.

You collected 318 gold pieces.

Inventory:

Hand Weapons
 a - a +1 long sword (weapon)
Armour
 c - a +1 buckler (worn)
 i - a +0 chain mail (worn)
Jewellery
 g - a +4 ring of protection (left hand)
 p - a ring of willpower (right hand)
 v - a ring of protection from fire
 z - a ring of willpower
Wands
 l - a wand of paralysis (7)
 r - a wand of roots (8)
 y - a wand of flame (18)
Scrolls
 e - a scroll of enchant armour
 f - 2 scrolls of teleportation
 o - 3 scrolls of silence
 q - a scroll of vulnerability
 t - 2 scrolls of poison
 x - a scroll of blinking
Potions
 b - a potion of flight
 d - 3 potions of might
 h - a potion of haste
 j - 2 potions of invisibility
 m - 2 potions of lignification
 n - a potion of berserk rage
 s - a potion of attraction
 u - a potion of mutation
 w - a potion of brilliance {unknown}


   Skills:
 + Level 4.9 Fighting
 * Level 4.9 Long Blades
 * Level 6.3 Armour
 + Level 2.4 Dodging
 * Level 6.2 Shields
 + Level 2.2 Invocations
 + Level 1.8 Evocations


You had 7 spell levels left.
You didn't know any spells.
Your spell library contained the following spells:

 Spells                   Type           Power      Damage    Failure   Level
 Apportation              Tloc           0%         N/A       99%         1
 Beastly Appendage        Tmut           0%         N/A       99%         1
 Scorch                   Fire           0%         2d5       100%        2
 Wereblood                Tmut           0%         N/A       100%        2
 Ignite Poison            Fire/Tmut/Pois 0%         N/A       100%        3
 Spider Form              Tmut/Pois      0%         N/A       100%        3
 Flame Wave               Conj/Fire      0%         2d4       100%        4
 Sticky Flame             Conj/Fire      0%         2d3       100%        4
 Alistair's Intoxication  Tmut/Pois      0%         N/A       100%        5
 Ignition                 Fire           0%         3d3       100%        8
 Summon Forest            Summ/Tloc      Unusable   N/A       N/A         5
 Summon Mana Viper        Hex/Summ       Unusable   N/A       N/A         5
 Summon Cactus Giant      Summ           Unusable   N/A       N/A         6

Dungeon Overview and Level Annotations

Branches:
Dungeon (7/15)             Temple (1/1) D:5           Sewer (visited)

Altars:
Ashenzari
Cheibriados
Dithmenos
Elyvilon
Fedhas
Gozag
Kikubaaqudgha
Makhleb
Okawaru
Qazlal
Ru
Sif Muna
Trog
Uskayaw
Vehumet
Wu Jian
Xom
Yredelemnul
Zin
The Shining One

Annotations:
D:7 Joseph


Innate Abilities, Weirdness & Mutations

You are immune to sickness and miasma.
Your stone body is resilient. (AC +5)
You are immune to poison.
You resist negative energy. (rN+)
You are resistant to electric shocks. (rElec)
You are resistant to unholy torment.
You are immune to petrification.


Message History

Joseph is almost dead.
Joseph hits you with a +0 quarterstaff!
* * * LOW HITPOINT WARNING * * *
You closely miss Joseph.
Joseph is almost dead.
Joseph hits you but does no damage.
You barely miss Joseph.
Joseph is almost dead.
You block Joseph's attack. Joseph hits you but does no damage.
You closely miss Joseph.
Joseph is almost dead.
Joseph hits you but does no damage.
You closely miss Joseph.
Joseph is almost dead.
Joseph hits you but does no damage.
You hit Joseph but do no damage.
Joseph is almost dead.
Joseph hits you with a +0 quarterstaff.
* * * LOW HITPOINT WARNING * * *
Joseph barely misses you.
You feel better. Joseph barely misses you.
You barely miss Joseph.
Joseph is almost dead.
Joseph hits you but does no damage.
You barely miss Joseph.
Joseph is almost dead.
Joseph hits you with a +0 quarterstaff.
* * * LOW HITPOINT WARNING * * *
You barely miss Joseph.
Joseph is almost dead.
Joseph hits you with a +0 quarterstaff.
* * * LOW HITPOINT WARNING * * *
You barely miss Joseph.
Joseph is almost dead.
Joseph hits you with a +0 quarterstaff.
* * * LOW HITPOINT WARNING * * *
You barely miss Joseph.
Joseph is almost dead.
Joseph hits you with a +0 quarterstaff!
You die...

..# #..# #..#
#..# #######..#
.. #....##..#
....#....#...#
....#..@@'...#
...#'#####..#
#......##..#
#......'...#
#......#...#
###......#...#
.#......#######
.'......'.....#
.#......#.....#


You could see Joseph.

Vanquished Creatures
  A steam dragon (D:6)
  Pargi (Sewer)
  Duvessa (D:7)
  A sky beast (D:7)
  A black bear (D:6)
  A centaur (D:6)
  A bullfrog (D:7)
  A gnoll sergeant (D:4)
  2 scorpions
  Dowan (D:7)
  3 hounds
  5 iguanas
  9 gnolls
  6 adders
  3 river rats (D:3)
  A shadow imp (D:6)
  A white imp (D:4)
  4 worms
  A dart slug (D:1)
  6 orcs
  8 ball pythons
  10 endoplasms
  7 giant cockroaches
  10 goblins
  5 hobgoblins
  14 jackals
  5 kobolds
  4 quokkas
  3 bats
  5 frilled lizards (D:2)
  4 rats
125 creatures vanquished.

Notes
Turn   | Place    | Note
-------+----------+-------------------------------------------
     0 | D:1      | timneilson the Gargoyle Fighter began the quest for the
                  | Orb.
     0 | D:1      | Reached XP level 1. HP: 14/14 MP: 1/1
   255 | D:1      | Reached XP level 2. HP: 18/19 MP: 2/2
   898 | D:2      | Reached XP level 3. HP: 23/23 MP: 3/3
   909 | D:2      | Found an ornate altar of the Wu Jian Council.
  1203 | D:2      | Reached XP level 4. HP: 28/28 MP: 4/4
  1903 | D:3      | Found a broken altar of Ashenzari.
  2191 | D:3      | Found a glowing drain.
  2209 | D:3      | Reached XP level 5. HP: 33/33 MP: 5/5
  2229 | D:3      | Reached skill level 1 in Dodging
  2247 | Sewer    | Entered a sewer
  2409 | Sewer    | Noticed Pargi
  2424 | Sewer    | Killed Pargi
  2425 | Sewer    | Reached XP level 6. HP: 35/38 MP: 6/6
  3206 | D:4      | Reached skill level 5 in Armour
  3522 | D:4      | Found an ornate altar of the Wu Jian Council.
  3529 | D:4      | Found a shadowy altar of Dithmenos.
  3535 | D:4      | Found a glowing golden altar of the Shining One.
  3543 | D:4      | Found a shimmering altar of Xom.
  3548 | D:4      | Found a white marble altar of Elyvilon.
  3556 | D:4      | Found an ancient bone altar of Kikubaaqudgha.
  3561 | D:4      | Found a radiant altar of Vehumet.
  3708 | D:5      | Entered Level 5 of the Dungeon
  3773 | D:5      | Found a staircase to the Ecumenical Temple.
  3785 | D:5      | Reached skill level 5 in Shields
  3785 | D:5      | Reached XP level 7. HP: 36/43 MP: 7/7
  3810 | Temple   | Entered the Ecumenical Temple
  3843 | Temple   | Became a worshipper of Warmaster Okawaru
  4582 | D:6      | Reached skill level 1 in Invocations
  4633 | D:6      | Noticed a steam dragon
  4650 | D:6      | Killed a steam dragon
  4650 | D:6      | Reached * piety under Okawaru
  4651 | D:6      | Reached skill level 1 in Evocations
  4804 | D:6      | Reached XP level 8. HP: 17/48 MP: 9/9
  5210 | D:6      | Found an opulent altar of Gozag.
  5692 | D:7      | Noticed Duvessa
  5692 | D:7      | Noticed Dowan
  5715 | D:7      | Killed Duvessa
  5732 | D:7      | Killed Dowan
  5834 | D:7      | HP: 1/48 [bullfrog (6)]
  6063 | D:7      | Noticed Joseph
  6097 | D:7      | HP: 1/48 [Joseph/+0 quarterstaff (5)]
  6103 | D:7      | Slain by Joseph

Illustrated notes

Levels and vault maps discovered:
D:1:      dpeg_arrival_boxorama, layout_basic, item_on_display_a
D:2:      layout_loops_ring, basic_altar, solitary_fountain,
          minmay_parallelograms
D:3:      layout_basic, nicolae_ashenzari_panopticon, portal_sewer_entry_b,
          chequers_mini_garden
D:4:      layout_cave_pools, grunt_temple_overflow_octagram
D:5:      layout_rooms, minmay_temple_entry_large_hall
D:6:      layout_basic, grunt_gozag_breadcrumbs
D:7:      layout_gridville, ebering_ghost_gozag, uniq_duvessa, uniq_joseph
Temple:   nicolae_temple_bog_church

Skill      XL: |  1  2  3  4  5  6  7  8 |
---------------+-------------------------+-----
Long Blades    | 2 3 4 |  4.9
Armour         | 4 5 6 |  6.3
Shields        | 4 5 6 |  6.2
Dodging        | 1 2 |  2.4
Fighting       | 4 |  4.9
Invocations    | 1 2 |  2.2
Evocations     | 1 |  1.8

Action                     |  1- 3 |  4- 6 |  7- 9 || total
---------------------------+-------+-------+-------++-------
  Melee: Long sword        |   152 |   280 |   263 ||   695
  Evoke: Wand              |       |       |     2 ||     2
    Use: Scroll            |     1 |    11 |     7 ||    19
         Potion            |       |     3 |     6 ||     9
 Armour: Scale mail        |   120 |    64 |       ||   184
         Chain mail        |       |   141 |   182 ||   323
         Skin              |       |    23 |       ||    23
  Dodge: Dodged            |   111 |   111 |   104 ||   326
  Block: Buckler           |    43 |    98 |    98 ||   239

Table legend: (Time is in decaauts)
 A = Elapsed time spent in this place.
 B = Non-inter-level travel time spent in this place.
 C = Inter-level travel time spent in this place.
 D = Time resting spent in this place.
 E = Time spent auto-exploring this place.
 F = Levels seen in this place.
 G = Mean time per level.
                   A        B        C        D        E       F      G
               +--------+--------+--------+--------+--------+-----+--------+
         Total |   6314 |   6075 |    239 |    307 |   3787 |   9 |  701.6 |
       Dungeon |   5830 |   5614 |    216 |    173 |   3554 |   7 |  832.9 |
        Temple |    202 |    179 |     23 |      0 |    165 |   1 |  202.0 |
         Sewer |    282 |    282 |      0 |    134 |     67 |   1 |  282.0 |
               +--------+--------+--------+--------+--------+-----+--------+

Top non-repeatable levels by time:
     D:6: 1104 daAuts
     D:2: 960 daAuts
     D:1: 881 daAuts
     D:4: 881 daAuts
     D:3: 848 daAuts
     D:5: 643 daAuts
     D:7: 510 daAuts
   Sewer: 282 daAuts
  Temple: 202 daAuts
